 Dungeon Crawl Stone Soup version 0.23.2-40-g277498a001 (webtiles) character file.

Game seed: 15157357527458799767

567 Exodus22XD the Ducker (level 7, -4/56 HPs)
             Began as a Gnoll Wanderer on Sept 4, 2019.
             Slain by Duvessa
             ... wielding a +0 rapier
              (6 damage)
             ... on level 5 of the Dungeon.
             The game lasted 00:15:08 (3225 turns).

Exodus22XD the Ducker (Gnoll Wanderer)              Turns: 3225, Time: 00:15:09

Health: -4/56      AC:  8    Str: 16    XL:     7   Next: 33%
Magic:  19/19      EV: 21    Int: 14    God:
Gold:   218        SH:  0    Dex: 23    Spells: 10/10 levels left

rFire    . . .     SeeInvis .   a - +0 short sword
rCold    . . .     Gourm    .   (no shield)
rNeg     + . .     Faith    .   c - +0 leather armour
rPois    .         Spirit   .   l - +0 helmet
rElec    .         Reflect  .   (no cloak)
rCorr    .         Harm     .   u - +2 pair of gloves {Dex+3}
MR       .....                  t - +0 pair of boots
Stlth    ++++......             (no amulet)
HPRegen  0.18/turn              q - ring of positive energy
MPRegen  0.16/turn              y - ring of magical power

@: agile
A: distributed training, fangs 1, strong nose
a: no special abilities


You were on level 5 of the Dungeon.
You were hungry.

You visited 1 branch of the dungeon, and saw 5 of its levels.

You collected 218 gold pieces.

Inventory:

Hand Weapons
 a - a +0 short sword (weapon)
 e - a +0 blowgun
 n - a +0 dagger of holy wrath
Missiles
 b - 5 throwing nets (quivered)
 d - 17 poisoned needles
Armour
 c - a +0 leather armour (worn)
 l - a +0 helmet (worn)
 t - a +0 pair of boots (worn)
 u - a +2 pair of gloves of dexterity (worn)
Jewellery
 q - a ring of positive energy (left hand)
 y - a ring of magical power (right hand)
 B - an uncursed ring of ice {unknown}
Wands
 z - a wand of random effects (13)
Scrolls
 i - a scroll of amnesia
 j - 2 scrolls of identify
 p - 2 scrolls of enchant armour
 r - a scroll of fear {unknown}
 s - a scroll of teleportation {unknown}
 v - a scroll of magic mapping {unknown}
Potions
 f - a potion of mutation
 h - 2 potions of agility
 k - 3 potions of haste {unknown}
 m - 4 potions of magic {unknown}
 o - 3 potions of curing
 x - a potion of heal wounds {unknown}
 A - a potion of invisibility {unknown}
Comestibles
 g - 12 rations


   Skills:
 + Level 5.2 Fighting
 + Level 5.2 Short Blades
 + Level 2.3 Long Blades
 + Level 2.3 Axes
 + Level 2.3 Maces & Flails
 + Level 2.3 Polearms
 + Level 3.5 Staves
 + Level 2.3 Slings
 + Level 2.3 Bows
 + Level 2.3 Crossbows
 + Level 3.5 Throwing
 + Level 2.3 Armour
 + Level 5.2 Dodging
 + Level 4.8 Stealth
 + Level 2.3 Shields
 + Level 2.3 Unarmed Combat
 + Level 2.3 Spellcasting
 + Level 1.9 Conjurations
 + Level 1.9 Hexes
 + Level 1.9 Charms
 + Level 1.9 Summonings
 + Level 1.9 Necromancy
 + Level 1.9 Translocations
 + Level 1.9 Transmutations
 + Level 1.9 Fire Magic
 + Level 1.9 Ice Magic
 + Level 1.9 Air Magic
 + Level 1.9 Earth Magic
 + Level 1.9 Poison Magic
 + Level 2.6 Invocations
 + Level 2.3 Evocations


You had 10 spell levels left.
You didn't know any spells.
Your spell library contained the following spells:

 Spells                   Type           Power        Failure   Level  Hunger
 Animate Skeleton         Necr           N/A          12%         1    #......
 Apportation              Tloc           #.....       12%         1    #......
 Confusing Touch          Hex            #.....       12%         1    #......
 Magic Dart               Conj           #...         12%         1    #......
 Summon Small Mammal      Summ           #...         12%         1    #......
 Blink                    Tloc           N/A          19%         2    ###....
 Call Imp                 Summ           #.......     19%         2    ###....
 Slow                     Hex            #.......     19%         2    ###....
 Conjure Flame            Conj/Fire      #.......     36%         3    ###....
 Mephitic Cloud           Conj/Pois/Air  #.......     36%         3    ###....


Dungeon Overview and Level Annotations

Branches:
Dungeon (5/15)
 Temple: D:4-7

Altars:
Fedhas
Hepliaklqana
Makhleb
Ru
Sif Muna
Wu Jian

Shops:
D:4 (

Annotations:
D:5 Dowan, Duvessa, Grinder


Innate Abilities, Weirdness & Mutations

Your experience applies equally to all skills.
You have very sharp teeth.
Your uncanny sense of smell can sniff out nearby items.


Message History

Dowan says, "My weaknesses are her strengths!"
Duvessa hits you but does no damage.
Duvessa is no longer moving quickly.
Duvessa says, "Where magic fails, the sword succeeds!"
Duvessa hits you with a +0 rapier.
Dowan points at Duvessa and mumbles some strange words.
Duvessa seems to speed up.
There is an open door here.
Duvessa hits you with a +0 rapier.
You are feeling hungry.
Duvessa misses you. Duvessa hits you with a +0 rapier.
* * * LOW HITPOINT WARNING * * *
Duvessa hits you with a +0 rapier!
* * * LOW HITPOINT WARNING * * *
There is a stone staircase leading down here.
Duvessa hits you with a +0 rapier!
* * * LOW HITPOINT WARNING * * *
Duvessa hits you with a +0 rapier.
You die...
PP≈

≈ ♣P#.###..# ≈≈
≈≈♣≈≈♣≈.#....# ≈ ≈
≈≈≈≈P♣♣.#.#..# ≈≈
≈≈≈≈≈≈♣♣.#.##.#
≈≈≈≈≈P≈P.#.##.#
########
≈≈≈≈≈≈≈♣.#....#
#......#
≈≈≈≈≈≈♣♣......#
#......#
≈≈≈≈≈≈≈≈♣P......#
#......#
≈≈≈≈≈≈≈≈≈≈♣.....@#
#......#
≈≈≈≈≈≈≈≈≈≈♣.....e#
#...[..#
≈≈≈≈≈≈≈≈≈≈######.#
#......#
P≈≈≈≈≈≈≈♣≈.# #e#
#......#
≈≈≈≈≈P≈♣≈≈.#
#.###......#
≈≈≈P≈≈≈≈≈♣.###
#.#........#
≈≈≈≈≈PP≈≈.§..#
#.#...######
≈P≈P♣≈≈≈♣###.#
#.#...###
≈≈≈P≈≈P♣..##e#
#.......#


You could see Duvessa and Dowan.

Vanquished Creatures
  Sigmund (D:4)
  2 bullfrogs
  A hound (D:4)
  5 worker ants (D:4)
  6 adders
  2 worms
  3 leopard geckos
  4 orcs (D:3)
  6 bats
  6 giant cockroaches
  9 goblins
  4 hobgoblins
  2 jackals (D:2)
  3 quokkas
  4 ball pythons
  A frilled lizard (D:1)
  4 kobolds
  6 rats
69 creatures vanquished.

Notes
Turn   | Place    | Note
-------+----------+-------------------------------------------
     0 | D:1      | Exodus22XD the Gnoll Wanderer began the quest for the Orb.
     0 | D:1      | Exodus22XD set off with the following items: a +0 short
                  | sword, 4 throwing nets, a +0 leather armour, 9 poisoned
                  | needles, a +0 blowgun, a +0 dagger, a ration
     0 | D:1      | Reached XP level 1. HP: 20/20 MP: 1/1
   142 | D:1      | Reached XP level 2. HP: 18/26 MP: 2/2
   570 | D:1      | Reached XP level 3. HP: 30/31 MP: 3/3
  1016 | D:2      | Reached skill level 1 in Invocations
  1195 | D:2      | Found a hazy altar of Hepliaklqana.
  1224 | D:2      | Reached skill level 1 in Long Blades
  1224 | D:2      | Reached skill level 1 in Axes
  1224 | D:2      | Reached skill level 1 in Maces & Flails
  1224 | D:2      | Reached skill level 1 in Polearms
  1224 | D:2      | Reached skill level 1 in Slings
  1224 | D:2      | Reached skill level 1 in Bows
  1224 | D:2      | Reached skill level 1 in Crossbows
  1224 | D:2      | Reached skill level 1 in Armour
  1224 | D:2      | Reached skill level 1 in Shields
  1224 | D:2      | Reached skill level 1 in Unarmed Combat
  1224 | D:2      | Reached skill level 1 in Spellcasting
  1224 | D:2      | Reached skill level 1 in Evocations
  1224 | D:2      | Reached XP level 4. HP: 29/38 MP: 5/5
  1979 | D:3      | Found a deep blue altar of Sif Muna.
  2164 | D:4      | Reached skill level 1 in Conjurations
  2164 | D:4      | Reached skill level 1 in Hexes
  2164 | D:4      | Reached skill level 1 in Charms
  2164 | D:4      | Reached skill level 1 in Summonings
  2164 | D:4      | Reached skill level 1 in Necromancy
  2164 | D:4      | Reached skill level 1 in Translocations
  2164 | D:4      | Reached skill level 1 in Transmutations
  2164 | D:4      | Reached skill level 1 in Fire Magic
  2164 | D:4      | Reached skill level 1 in Ice Magic
  2164 | D:4      | Reached skill level 1 in Air Magic
  2164 | D:4      | Reached skill level 1 in Earth Magic
  2164 | D:4      | Reached skill level 1 in Poison Magic
  2178 | D:4      | Noticed a bullfrog
  2189 | D:4      | Killed a bullfrog
  2189 | D:4      | Reached XP level 5. HP: 38/43 MP: 5/7
  2245 | D:4      | Found a sacrificial altar of Ru.
  2325 | D:4      | Reached XP level 6. HP: 48/50 MP: 8/8
  2359 | D:4      | Noticed Sigmund
  2424 | D:4      | Killed Sigmund
  2424 | D:4      | Reached skill level 5 in Fighting
  2424 | D:4      | Reached skill level 5 in Short Blades
  2424 | D:4      | Reached skill level 5 in Dodging
  2424 | D:4      | Reached XP level 7. HP: 49/56 MP: 8/10
  2612 | D:4      | Found Ysyotzix's Weapon Emporium.
  2832 | D:4      | Found a burning altar of Makhleb.
  2832 | D:4      | Noticed a green death
  2835 | D:4      | Noticed a hellwing
  2835 | D:4      | Noticed a ynoxinul
  2874 | D:5      | Entered Level 5 of the Dungeon
  2890 | D:5      | Found an ornate altar of the Wu Jian Council.
  2894 | D:5      | Found a blossoming altar of Fedhas.
  3068 | D:5      | Noticed Grinder
  3165 | D:5      | Noticed Duvessa
  3165 | D:5      | Noticed Dowan
  3225 | D:5      | HP: 2/56 [Duvessa/+0 rapier (7)]
  3225 | D:5      | Slain by Duvessa

Skill      XL: |  1  2  3  4  5  6 |
---------------+-------------------+-----
Invocations    | 1 2 |  2.6
Long Blades    | 1 2 |  2.3
Axes           | 1 2 |  2.3
Maces & Flails | 1 2 |  2.3
Polearms       | 1 2 |  2.3
Slings         | 1 2 |  2.3
Bows           | 1 2 |  2.3
Crossbows      | 1 2 |  2.3
Armour         | 1 2 |  2.3
Shields        | 1 2 |  2.3
Unarmed Combat | 1 2 |  2.3
Spellcasting   | 1 2 |  2.3
Evocations     | 1 2 |  2.3
Conjurations   | 1 |  1.9
Hexes          | 1 |  1.9
Charms         | 1 |  1.9
Summonings     | 1 |  1.9
Necromancy     | 1 |  1.9
Translocations | 1 |  1.9
Transmutations | 1 |  1.9
Fire Magic     | 1 |  1.9
Ice Magic      | 1 |  1.9
Air Magic      | 1 |  1.9
Earth Magic    | 1 |  1.9
Poison Magic   | 1 |  1.9
Staves         | 3 |  3.5
Throwing       | 3 |  3.5
Fighting       | 5 |  5.2
Short Blades   | 5 |  5.2
Dodging        | 5 |  5.2
Stealth        | |  4.8

Action                   |  1- 3 |  4- 6 |  7- 9 || total
-------------------------+-------+-------+-------++-------
Melee: Short sword       |    94 |   140 |    58 ||   292
       Bite              |     8 |    17 |    10 ||    35
       Punch             |       |     2 |     2 ||     4
 Fire: Blowgun           |       |     8 |     7 ||    15
  Use: Potion            |       |     1 |     1 ||     2
       Scroll            |       |       |     4 ||     4
 Stab: Sleeping          |     8 |     3 |     3 ||    14
       Distracted        |     1 |     1 |       ||     2
  Eat: Chunk             |     1 |     4 |     2 ||     7
Armor: Leather armour    |    23 |    29 |    14 ||    66
Dodge: Dodged            |    87 |    87 |    40 ||   214
